Blue Jackets vs Penguins
(R1)
Created - 30 septembre 2014 at 19:07
Goals
|
| Blue Jackets |
0 |
0 |
2 |
2 |
| Penguins |
2 |
2 |
1 |
5 |
|
Shots
|
| Blue Jackets |
6 |
3 |
12 |
21 |
| Penguins |
12 |
22 |
6 |
40 |
|
1st period
1. Penguins , Peter Forsberg 3 (Darren Reid) at 5:43
2. Penguins , Nathan Horton 2 (Steven Stamkos, Dustin Penner) at 16:27
Penalties :
Jay McKee (Pit) for Holding (Minor) at 0:43, Wade Redden (Clb) for Tripping (Minor) at 6:51, Pavel Bure (Clb) for Hooking (Minor) at 16:52
2nd period
3. Penguins , Bobby Ryan 3 (Peter Forsberg, Jay McKee) at 2:51 (PP)
4. Penguins , Dustin Penner 4 (Steven Stamkos) at 8:41
Penalties :
Ryan Kesler (Pit) for Hooking (Minor) at 0:22, Chris Kelly (Clb) for Hooking (Minor) at 2:37, Marc Savard (Clb) for Roughing (Minor) at 4:15, Blake Wheeler (Clb) for Interference (Minor) at 18:36
3rd period
5. Penguins , Nathan Horton 3 (Steven Stamkos, Ryan Kesler) at 0:34 (PP)
6. Blue Jackets , David Booth 2 (Marc Savard) at 14:21 (PP)
7. Blue Jackets , Chris Kelly 2 (Wade Redden, Brad Stuart) at 18:45
Penalties :
Pavel Bure (Clb) for Hooking (Minor) at 0:57, Jan Bulis (Clb) for Tripping (Minor) at 10:13, Steve Sullivan (Pit) for Tripping (Minor) at 13:48, Peter Forsberg (Pit) for Hooking (Minor) at 14:44, Simon Gagné (Pit) for Interference (Minor) at 19:44
Goalie Stats
Mathieu Garon (Clb), 21 saves from 22 shots - (0,955), 31:19 minutes
Rick DiPietro (Clb), 14 saves from 18 shots - (0,778), L, 2-2-0, 28:41 minutes
Brian Elliott (Pit), 19 saves from 21 shots - (0,905), W, 4-0-0, 60:00 minutes
Players Stats for Blue Jackets
Player Name G A P +/- PIM S H SB GA TA FO MP PP MP PK MP
------------------------------------------------------------------------------------
Adam Deadmarsh 0 0 0 0 0 0 0 0 0 0 0/0 6:31 0:03 0:00
Blake Wheeler 0 0 0 -1 2 0 0 1 1 0 1/1 17:23 2:39 3:28
Brad Stuart 0 1 1 -2 0 0 2 0 0 1 0/0 9:54 0:00 0:00
Branislav Mezei 0 0 0 1 0 0 4 0 0 0 0/0 26:25 4:16 5:05
Chris Kelly 1 0 1 0 2 1 2 1 0 0 6/14 15:37 0:00 6:48
Dave Steckel 0 0 0 0 0 2 2 0 0 0 2/2 7:08 0:00 0:25
David Booth 1 0 1 -1 0 4 1 0 1 0 0/0 18:47 4:03 0:26
François Beauchemin 0 0 0 -1 0 0 2 0 1 1 0/0 23:41 2:29 7:02
Jan Bulis 0 0 0 -1 2 1 1 0 1 0 4/9 17:15 2:37 3:09
Jason Ward 0 0 0 0 0 1 2 0 0 0 0/0 8:44 0:00 0:00
Jeff Taffe 0 0 0 0 0 3 1 0 0 1 1/2 9:25 0:00 2:46
Kevin Bieksa 0 0 0 -1 0 2 1 0 1 0 0/0 15:43 2:29 0:22
Marc Savard 0 1 1 -1 2 2 0 0 0 0 22/36 18:30 4:03 0:00
Marcus Nilson 0 0 0 -1 0 1 1 0 0 1 0/1 13:27 2:39 0:00
Mike Commodore 0 0 0 -2 0 1 0 3 1 1 0/0 18:46 0:00 7:34
Pavel Bure 0 0 0 -1 4 1 0 1 0 0 0/3 18:27 4:03 0:00
Ramzi Abid 0 0 0 0 0 0 0 3 0 0 0/1 16:27 0:08 7:12
Wade Redden 0 1 1 1 2 2 5 0 0 0 0/0 25:36 4:16 4:11
Players Stats for Penguins
Player Name G A P +/- PIM S H SB GA TA FO MP PP MP PK MP
------------------------------------------------------------------------------------
Bobby Ryan 1 0 1 0 0 9 2 1 0 0 0/0 21:30 7:17 1:47
Brent Sopel 0 0 0 0 0 0 3 0 0 3 0/0 28:02 8:00 3:51
Brian McGrattan 0 0 0 -1 0 3 1 0 1 0 0/0 9:37 0:07 1:31
Brooks Orpik 0 0 0 2 0 1 1 0 0 0 0/0 14:21 3:40 2:02
Darren Reid 0 1 1 1 0 1 0 1 0 1 0/1 15:51 0:07 3:52
Denis Arkhipov 0 0 0 -1 0 2 1 2 0 1 5/9 10:47 0:00 3:53
Dustin Penner 1 1 2 2 0 2 4 0 0 1 0/1 12:12 0:07 0:53
Jay McKee 0 1 1 1 2 1 0 1 0 0 0/0 23:46 4:07 2:59
Nathan Horton 2 0 2 2 0 3 3 0 0 0 0/0 14:28 4:43 0:00
Paul Ranger 0 0 0 0 0 2 1 0 1 0 0/0 17:51 3:47 0:00
Pernell Karl Subban 0 0 0 2 0 0 3 1 0 0 0/0 21:51 4:40 1:59
Peter Forsberg 1 1 2 1 2 2 0 0 1 0 14/28 19:31 7:17 1:11
Raffi Torres 0 0 0 -1 0 2 0 0 1 0 0/0 6:27 0:00 0:00
Ryan Kesler 0 1 1 0 2 5 2 0 0 0 5/18 17:17 4:43 0:00
Sean Zimmerman 0 0 0 -1 0 0 1 1 0 0 0/0 14:13 0:00 2:39
Simon Gagné 0 0 0 0 2 4 1 0 1 0 2/2 19:58 7:17 0:00
Steve Sullivan 0 0 0 1 2 1 1 0 0 0 0/0 10:37 0:00 0:00
Steven Stamkos 0 3 3 2 0 2 0 0 0 0 7/10 14:51 4:43 0:23
3 Stars
1 - Nathan Horton (Pit)
2 - Dustin Penner (Pit)
3 - Steven Stamkos (Pit)
Power Play
Blue Jackets - 1 on 5 Attempt(s) - 20,00%
Penguins - 2 on 7 Attempt(s) - 28,57%
Penalty Kill
Blue Jackets - 5 on 7 Attempt(s) - 71,43%
- Score 0 goal in Penalty Kill
Penguins - 4 on 5 Attempt(s) - 80,00%
- Score 0 goal in Penalty Kill
Official
Referees : Sutherland Kelly and LaRue Dennis
Linesman : Brad Lazarowich and Lonnie Cameron
Game Notes
Mathieu Garon enters game at 8:41 of 2nd period
Brooks Orpik is injured at 16:45 of 2nd period (Sports Hernia)
Finance
Level 1 -- Attendance: 5926 (98,77%) -- Ticket Income 468 154 $
Level 2 -- Attendance: 5000 (100,00%) -- Ticket Income 225 000 $
Level 3 -- Attendance: 1886 (94,30%) -- Ticket Income 58 466 $
Level 4 -- Attendance: 3877 (96,93%) -- Ticket Income 62 032 $
Luxury Box -- Attendance: 1000 (100,00%) -- Ticket Income 167 000 $
Game was played at the Igloo
Total Attendance: 17689 (98,27%)
Total Ticket Income: 980 652 $
Other Income: 147 098 $
Total Income: 1 127 750 $
Blue Jackets
5 vs 5 Forward
Center Left Wing Right Wing Time % Phy DF OF
1 Marc Savard David Booth Pavel Bure 40 1 1 3
2 Jan Bulis Marcus Nilson Blake Wheeler 30 1 2 2
3 Chris Kelly Ramzi Abid Jason Ward 20 1 2 2
4 Dave Steckel Jeff Taffe Adam Deadmarsh 10 1 2 2
5 vs 5 Defense
Defense Defense Time % Phy DF OF
1 Branislav Mezei Wade Redden 40 1 2 2
2 Kevin Bieksa François Beauchemin 30 1 2 2
3 Brad Stuart Mike Commodore 20 1 2 2
4 Branislav Mezei Wade Redden 10 1 2 2
PowerPlay Forward
Center Left Wing Right Wing Time % Phy DF OF
1 Marc Savard David Booth Pavel Bure 60 1 2 2
2 Jan Bulis Marcus Nilson Blake Wheeler 40 1 2 2
PowerPlay Defense
Defense Defense Time % Phy DF OF
1 Branislav Mezei Wade Redden 60 1 2 2
2 Kevin Bieksa François Beauchemin 40 1 2 2
Penalty Kill 4 Players Forward
Center Wing Time % Phy DF OF
1 Chris Kelly Ramzi Abid 60 1 2 2
2 Jan Bulis Blake Wheeler 40 1 2 2
Penalty Kill 4 Players Defense
Defense Defense Time % Phy DF OF
1 Mike Commodore François Beauchemin 60 1 2 2
2 Branislav Mezei Wade Redden 40 1 2 2
Penalty Kill - 3 Players Forward
Forward Time % Phy DF OF
1 Chris Kelly 60 1 2 2
2 Jan Bulis 40 1 2 2
Penalty Kill - 3 Players Defense
Defense Defense Time % Phy DF OF
1 Mike Commodore Wade Redden 60 1 2 2
2 François Beauchemin Branislav Mezei 40 1 2 2
4 vs 4 Forward
Center Wing Time % Phy DF OF
1 Marc Savard David Booth 60 1 2 2
2 Chris Kelly Pavel Bure 40 1 2 2
4 vs 4 Defense
Defense Defense Time % Phy DF OF
1 Branislav Mezei Wade Redden 60 1 2 2
2 Kevin Bieksa François Beauchemin 40 1 2 2
Last Minutes Offensive
Center Left Wing Right Wing Defense Defense
Marc Savard David Booth Pavel Bure Branislav Mezei Wade Redden
Last Minutes Defensive
Center Left Wing Right Wing Defense Defense
Marc Savard David Booth Pavel Bure Branislav Mezei Wade Redden
Goaltenders
Starting : Rick DiPietro
Backup : Mathieu Garon
Extra Forwards
Normal : Ramzi Abid, Jan Bulis, Jeff Taffe - PP : Ramzi Abid, Jan Bulis - PK : Jeff Taffe
Extra Defensemen
Normal : Brad Stuart, Mike Commodore, Kevin Bieksa - PP : Brad Stuart - PK : Mike Commodore, Kevin Bieksa
Penalty Shots
Marc Savard, David Booth, Pavel Bure, Blake Wheeler, Chris Kelly
Penguins
5 vs 5 Forward
Center Left Wing Right Wing Time % Phy DF OF
1 Ryan Kesler Simon Gagné Bobby Ryan 35 1 1 3
2 Steven Stamkos Dustin Penner Nathan Horton 30 1 1 3
3 Peter Forsberg Steve Sullivan Darren Reid 30 1 1 3
4 Denis Arkhipov Raffi Torres Brian McGrattan 5 1 2 2
5 vs 5 Defense
Defense Defense Time % Phy DF OF
1 Jay McKee Brent Sopel 40 1 2 2
2 Brooks Orpik Pernell Karl Subban 35 1 2 2
3 Paul Ranger Sean Zimmerman 20 1 2 2
4 Brent Sopel Brooks Orpik 5 1 2 2
PowerPlay Forward
Center Left Wing Right Wing Time % Phy DF OF
1 Peter Forsberg Simon Gagné Bobby Ryan 60 1 0 4
2 Ryan Kesler Steven Stamkos Nathan Horton 40 1 0 4
PowerPlay Defense
Defense Defense Time % Phy DF OF
1 Brooks Orpik Brent Sopel 60 1 1 3
2 Jay McKee Pernell Karl Subban 40 1 1 3
Penalty Kill 4 Players Forward
Center Wing Time % Phy DF OF
1 Denis Arkhipov Darren Reid 60 1 3 1
2 Peter Forsberg Bobby Ryan 40 1 3 1
Penalty Kill 4 Players Defense
Defense Defense Time % Phy DF OF
1 Jay McKee Brent Sopel 60 1 3 1
2 Brooks Orpik Sean Zimmerman 40 1 3 1
Penalty Kill - 3 Players Forward
Forward Time % Phy DF OF
1 Denis Arkhipov 60 1 3 1
2 Darren Reid 40 1 3 1
Penalty Kill - 3 Players Defense
Defense Defense Time % Phy DF OF
1 Jay McKee Brent Sopel 60 1 3 1
2 Brooks Orpik Sean Zimmerman 40 1 3 1
4 vs 4 Forward
Center Wing Time % Phy DF OF
1 Peter Forsberg Simon Gagné 60 1 2 2
2 Ryan Kesler Bobby Ryan 40 1 2 2
4 vs 4 Defense
Defense Defense Time % Phy DF OF
1 Brooks Orpik Brent Sopel 60 1 2 2
2 Jay McKee Pernell Karl Subban 40 1 2 2
Last Minutes Offensive
Center Left Wing Right Wing Defense Defense
Ryan Kesler Simon Gagné Bobby Ryan Brent Sopel Jay McKee
Last Minutes Defensive
Center Left Wing Right Wing Defense Defense
Denis Arkhipov Darren Reid Bobby Ryan Brent Sopel Jay McKee
Goaltenders
Starting : Brian Elliott
Backup : Josh Tordjman
Extra Forwards
Normal : Darren Reid, Denis Arkhipov, Brian McGrattan - PP : Darren Reid, Dustin Penner - PK : Brian McGrattan
Extra Defensemen
Normal : Paul Ranger, Brent Sopel, Jay McKee - PP : Paul Ranger - PK : Brent Sopel, Jay McKee
Penalty Shots
Peter Forsberg, Ryan Kesler, Simon Gagné, Bobby Ryan, Steven Stamkos
% Time on Ice - Blue Jackets
Lines # - Real PCT - Wanted PCT - Time Play
Normal Forward
1 - 36% - 40% - 14:39
2 - 27% - 30% - 11:17
3 - 21% - 20% - 8:44
4 - 16% - 10% - 6:28
Normal Defense
1 - 41% - 40% - 17:01
2 - 32% - 30% - 13:05
3 - 24% - 20% - 9:54
4 - 3% - 10% - 1:08
PP Forward
1 - 61% - 60% - 4:06
2 - 39% - 40% - 2:39
PP Defense
1 - 63% - 60% - 4:16
2 - 37% - 40% - 2:29
PK Forward
1 - 67% - 60% - 8:09
2 - 33% - 40% - 3:58
PK Defense
1 - 58% - 60% - 7:02
2 - 42% - 40% - 5:05
PK3 Forward
1 - 0% - 60%
2 - 0% - 40%
PK3 Defense
1 - 0% - 60%
2 - 0% - 40%
44 Forward
1 - 0% - 60%
2 - 0% - 40%
44 Defense
1 - 0% - 60%
2 - 0% - 40%
Last Minute Offensive - 0:00
Last Minute Defensive - 0:00
Total
Forward - 60:00
Defense - 60:00
|
% Time on Ice - Penguins
Lines # - Real PCT - Wanted PCT - Time Play
Normal Forward
1 - 33% - 35% - 13:33
2 - 26% - 30% - 10:30
3 - 26% - 30% - 10:38
4 - 16% - 5% - 6:27
Normal Defense
1 - 32% - 40% - 13:18
2 - 36% - 35% - 14:57
3 - 26% - 20% - 10:35
4 - 6% - 5% - 2:18
PP Forward
1 - 61% - 60% - 7:24
2 - 39% - 40% - 4:43
PP Defense
1 - 70% - 60% - 8:30
2 - 30% - 40% - 3:37
PK Forward
1 - 73% - 60% - 4:57
2 - 27% - 40% - 1:48
PK Defense
1 - 61% - 60% - 4:06
2 - 39% - 40% - 2:39
PK3 Forward
1 - 0% - 60%
2 - 0% - 40%
PK3 Defense
1 - 0% - 60%
2 - 0% - 40%
44 Forward
1 - 0% - 60%
2 - 0% - 40%
44 Defense
1 - 0% - 60%
2 - 0% - 40%
Last Minute Offensive - 0:00
Last Minute Defensive - 0:00
Total
Forward - 60:00
Defense - 60:00
|
Play by Play
1st period
0:01 of 1st period - Marc Savard wins face-off versus Ryan Kesler in neutral zone.
0:04 of 1st period - Jay McKee is hit by Branislav Mezei and loses puck.
0:25 of 1st period - Brent Sopel is hit by Chris Kelly.
0:43 of 1st period - Minor Penalty to Jay McKee for Holding.
0:44 of 1st period - Denis Arkhipov wins face-off versus Marc Savard in Penguins zone.
1:25 of 1st period - Darren Reid is hit by Wade Redden.
2:43 of 1st period - Penalty to Jay McKee is over, Jay McKee is back on ice.
3:16 of 1st period - Brad Stuart is hit by Dustin Penner and loses puck.
3:26 of 1st period - Icing by Mike Commodore.
3:27 of 1st period - Dave Steckel wins face-off versus Ryan Kesler in Blue Jackets zone.
3:27 of 1st period - Dave Steckel is hit by Sean Zimmerman.
3:37 of 1st period - Jeff Taffe is hit by Simon Gagné.
5:26 of 1st period - Blake Wheeler is hit by Paul Ranger and loses puck.
5:43 of 1st period - Wrist shot by Peter Forsberg.
5:43 of 1st period - Goal by Peter Forsberg - Blue Jackets : 0 - Penguins : 1.
5:44 of 1st period - Marc Savard wins face-off versus Peter Forsberg in neutral zone.
6:16 of 1st period - Off-side.
6:17 of 1st period - Ryan Kesler wins face-off versus Jan Bulis in neutral zone.
6:26 of 1st period - Wrist shot by Ryan Kesler.
6:26 of 1st period - Shot Blocked by Mike Commodore.
6:46 of 1st period - Off-side.
6:47 of 1st period - Peter Forsberg wins face-off versus Marc Savard in neutral zone.
6:51 of 1st period - Minor Penalty to Wade Redden for Tripping.
6:52 of 1st period - Chris Kelly wins face-off versus Peter Forsberg in Blue Jackets zone.
6:52 of 1st period - Chris Kelly is hit by Brent Sopel.
7:06 of 1st period - Wrist shot by Bobby Ryan.
7:06 of 1st period - Shot Blocked by Mike Commodore.
7:24 of 1st period - Off-side.
7:25 of 1st period - Jan Bulis wins face-off versus Ryan Kesler in neutral zone.
7:42 of 1st period - Jay McKee is hit by Branislav Mezei and loses puck.
7:55 of 1st period - Snap shot by Steven Stamkos.
7:55 of 1st period - Shot Misses the Net.
8:16 of 1st period - Wrist shot by Ryan Kesler.
8:16 of 1st period - Stopped by Rick DiPietro with a rebound.
8:18 of 1st period - Slapshot by Brooks Orpik.
8:18 of 1st period - Deflect By Steven Stamkos.
8:18 of 1st period - Deflect By Mike Commodore.
8:18 of 1st period - Shot Blocked by Blake Wheeler.
8:18 of 1st period - Puck is out of play.
8:19 of 1st period - Peter Forsberg wins face-off versus Chris Kelly in Blue Jackets zone.
8:34 of 1st period - Snap shot by Simon Gagné.
8:34 of 1st period - Stopped by Rick DiPietro without a rebound.
8:35 of 1st period - Chris Kelly wins face-off versus Peter Forsberg in Blue Jackets zone.
8:51 of 1st period - Penalty to Wade Redden is over, Wade Redden is back on ice.
9:31 of 1st period - Slapshot by Jay McKee.
9:31 of 1st period - Stopped by Rick DiPietro with a rebound.
9:49 of 1st period - Jay McKee is hit by Dave Steckel and loses puck.
10:12 of 1st period - Snap shot by David Booth.
10:12 of 1st period - Shot Blocked by Sean Zimmerman.
10:14 of 1st period - Slapshot by Branislav Mezei.
10:14 of 1st period - Shot Misses the Net.
10:40 of 1st period - Darren Reid is hit by Marcus Nilson and loses puck.
10:55 of 1st period - Slapshot by Kevin Bieksa.
10:55 of 1st period - Shot Blocked by Bobby Ryan.
11:30 of 1st period - Mike Commodore is hit by Brian McGrattan.
11:55 of 1st period - Snap shot by Blake Wheeler.
11:55 of 1st period - Shot Misses the Net.
11:57 of 1st period - Slapshot by Marcus Nilson.
11:57 of 1st period - Shot Misses the Net.
12:11 of 1st period - Peter Forsberg is hit by Chris Kelly and loses puck.
12:28 of 1st period - Brent Sopel is hit by Brad Stuart and loses puck.
12:33 of 1st period - Wrist shot by Marc Savard.
12:33 of 1st period - Stopped by Brian Elliott without a rebound.
12:34 of 1st period - Ryan Kesler wins face-off versus Jan Bulis in Penguins zone.
13:00 of 1st period - Sean Zimmerman is hit by Kevin Bieksa and loses puck.
13:07 of 1st period - François Beauchemin is hit by Brooks Orpik.
14:28 of 1st period - Backhand shot by Raffi Torres.
14:28 of 1st period - Stopped by Rick DiPietro with a rebound.
14:30 of 1st period - Slapshot by Paul Ranger.
14:30 of 1st period - Stopped by Rick DiPietro without a rebound.
14:31 of 1st period - Denis Arkhipov wins face-off versus Jan Bulis in Blue Jackets zone.
14:32 of 1st period - Wrist shot by Brian McGrattan.
14:32 of 1st period - Stopped by Rick DiPietro without a rebound.
14:33 of 1st period - Jan Bulis wins face-off versus Denis Arkhipov in Blue Jackets zone.
14:38 of 1st period - Snap shot by Marcus Nilson.
14:38 of 1st period - Shot Blocked by Denis Arkhipov.
14:40 of 1st period - Wrist shot by Marcus Nilson.
14:40 of 1st period - Shot Blocked by Jay McKee.
14:42 of 1st period - Slapshot by Mike Commodore.
14:42 of 1st period - Stopped by Brian Elliott without a rebound.
14:43 of 1st period - Marc Savard wins face-off versus Ryan Kesler in Penguins zone.
14:46 of 1st period - Snap shot by David Booth.
14:46 of 1st period - Shot Misses the Net.
15:32 of 1st period - Wrist shot by Jason Ward.
15:32 of 1st period - Stopped by Brian Elliott with a rebound.
15:58 of 1st period - Snap shot by Kevin Bieksa.
15:58 of 1st period - Stopped by Brian Elliott without a rebound.
15:59 of 1st period - Dave Steckel wins face-off versus Steven Stamkos in Penguins zone.
16:04 of 1st period - Wrist shot by Dave Steckel.
16:04 of 1st period - Stopped by Brian Elliott without a rebound.
16:05 of 1st period - Steven Stamkos wins face-off versus Marc Savard in Penguins zone.
16:07 of 1st period - Icing by Brooks Orpik.
16:08 of 1st period - Steven Stamkos wins face-off versus Marc Savard in Penguins zone.
16:27 of 1st period - Snap shot by Nathan Horton.
16:27 of 1st period - Goal by Nathan Horton - Blue Jackets : 0 - Penguins : 2.
16:28 of 1st period - Marc Savard wins face-off versus Ryan Kesler in neutral zone.
16:31 of 1st period - Jay McKee is hit by Branislav Mezei and loses puck.
16:52 of 1st period - Minor Penalty to Pavel Bure for Hooking.
16:53 of 1st period - Simon Gagné wins face-off versus Chris Kelly in Blue Jackets zone.
16:56 of 1st period - Snap shot by Bobby Ryan.
16:56 of 1st period - Stopped by Rick DiPietro with a rebound.
16:58 of 1st period - Slapshot by Brooks Orpik.
16:58 of 1st period - Stopped by Rick DiPietro without a rebound.
16:59 of 1st period - Peter Forsberg wins face-off versus Ramzi Abid in Blue Jackets zone.
17:00 of 1st period - Snap shot by Bobby Ryan.
17:00 of 1st period - Shot Misses the Net.
17:02 of 1st period - Snap shot by Bobby Ryan.
17:02 of 1st period - Stopped by Rick DiPietro with a rebound.
17:12 of 1st period - Slapshot by Simon Gagné.
17:12 of 1st period - Shot Blocked by Mike Commodore.
17:14 of 1st period - Snap shot by Bobby Ryan.
17:14 of 1st period - Deflect By Simon Gagné.
17:14 of 1st period - Shot Misses the Net.
17:14 of 1st period - Puck is out of play.
17:15 of 1st period - Peter Forsberg wins face-off versus Chris Kelly in Blue Jackets zone.
17:16 of 1st period - Snap shot by Bobby Ryan.
17:16 of 1st period - Stopped by Rick DiPietro without a rebound.
17:17 of 1st period - Peter Forsberg wins face-off versus Chris Kelly in Blue Jackets zone.
17:22 of 1st period - Snap shot by Simon Gagné.
17:22 of 1st period - Shot Misses the Net.
17:46 of 1st period - Snap shot by Brent Sopel.
17:46 of 1st period - Shot Blocked by Ramzi Abid.
18:24 of 1st period - Jeff Taffe is hit by Pernell Karl Subban and loses puck.
18:36 of 1st period - Icing by Pernell Karl Subban.
18:37 of 1st period - Jeff Taffe wins face-off versus Peter Forsberg in Penguins zone.
18:38 of 1st period - Wrist shot by Ramzi Abid.
18:38 of 1st period - Deflect By Jeff Taffe.
18:38 of 1st period - Stopped by Brian Elliott with a rebound.
18:52 of 1st period - Penalty to Pavel Bure is over, Pavel Bure is back on ice.
19:13 of 1st period - Wrist shot by David Booth.
19:13 of 1st period - Shot Misses the Net.
19:46 of 1st period - Paul Ranger is hit by Dave Steckel and loses puck.
19:53 of 1st period - Sean Zimmerman is hit by Jeff Taffe and loses puck.
Goals for this period are 0 for Blue Jackets vs 2 for Penguins.
Shots for this period are 6 for Blue Jackets vs 12 for Penguins.
2nd period
0:01 of 2nd period - Marc Savard wins face-off versus Ryan Kesler in neutral zone.
0:22 of 2nd period - Minor Penalty to Ryan Kesler for Hooking.
0:23 of 2nd period - Denis Arkhipov wins face-off versus Marc Savard in Penguins zone.
0:54 of 2nd period - Backhand shot by Branislav Mezei.
0:54 of 2nd period - Deflect By Marcus Nilson.
0:54 of 2nd period - Stopped by Brian Elliott with a rebound.
2:22 of 2nd period - Penalty to Ryan Kesler is over, Ryan Kesler is back on ice.
2:37 of 2nd period - Minor Penalty to Chris Kelly for Hooking.
2:38 of 2nd period - Peter Forsberg wins face-off versus Jeff Taffe in Blue Jackets zone.
2:43 of 2nd period - Wrist shot by Bobby Ryan.
2:43 of 2nd period - Shot Misses the Net.
2:49 of 2nd period - Slapshot by Bobby Ryan.
2:49 of 2nd period - Shot Blocked by Ramzi Abid.
2:51 of 2nd period - Snap shot by Bobby Ryan.
2:51 of 2nd period - Goal by Bobby Ryan - Blue Jackets : 0 - Penguins : 3.
2:52 of 2nd period - Marc Savard wins face-off versus Ryan Kesler in neutral zone.
2:56 of 2nd period - Off-side.
2:57 of 2nd period - Marc Savard wins face-off versus Ryan Kesler in neutral zone.
3:51 of 2nd period - Wrist shot by Steven Stamkos.
3:51 of 2nd period - Stopped by Rick DiPietro without a rebound.
3:52 of 2nd period - Peter Forsberg wins face-off versus Marc Savard in Blue Jackets zone.
3:53 of 2nd period - Wrist shot by Steve Sullivan.
3:53 of 2nd period - Stopped by Rick DiPietro without a rebound.
3:54 of 2nd period - Peter Forsberg wins face-off versus Marc Savard in Blue Jackets zone.
4:05 of 2nd period - Snap shot by Peter Forsberg.
4:05 of 2nd period - Stopped by Rick DiPietro with a rebound.
4:15 of 2nd period - Minor Penalty to Marc Savard for Roughing.
4:16 of 2nd period - Chris Kelly wins face-off versus Peter Forsberg in Blue Jackets zone.
4:29 of 2nd period - Wrist shot by Bobby Ryan.
4:29 of 2nd period - Stopped by Rick DiPietro without a rebound.
4:30 of 2nd period - Peter Forsberg wins face-off versus Chris Kelly in Blue Jackets zone.
6:15 of 2nd period - Penalty to Marc Savard is over, Marc Savard is back on ice.
6:35 of 2nd period - Backhand shot by Jan Bulis.
6:35 of 2nd period - Stopped by Brian Elliott without a rebound.
6:36 of 2nd period - Marc Savard wins face-off versus Peter Forsberg in Penguins zone.
6:42 of 2nd period - Icing by Sean Zimmerman.
6:43 of 2nd period - Peter Forsberg wins face-off versus Marc Savard in Penguins zone.
8:39 of 2nd period - Snap shot by Steven Stamkos.
8:39 of 2nd period - Shot Misses the Net.
8:41 of 2nd period - Wrist shot by Dustin Penner.
8:41 of 2nd period - Goal by Dustin Penner - Blue Jackets : 0 - Penguins : 4.
8:41 of 2nd period - Mathieu Garon enters game.
8:42 of 2nd period - Marc Savard wins face-off versus Ryan Kesler in neutral zone.
8:44 of 2nd period - Off-side.
8:45 of 2nd period - Marc Savard wins face-off versus Ryan Kesler in neutral zone.
9:41 of 2nd period - Wrist shot by Darren Reid.
9:41 of 2nd period - Stopped by Mathieu Garon with a rebound.
9:43 of 2nd period - Slapshot by Pernell Karl Subban.
9:43 of 2nd period - Shot Blocked by Ramzi Abid.
9:55 of 2nd period - Brian McGrattan is hit by François Beauchemin and loses puck.
10:00 of 2nd period - Snap shot by Jeff Taffe.
10:00 of 2nd period - Stopped by Brian Elliott with a rebound.
10:21 of 2nd period - Wrist shot by Ryan Kesler.
10:21 of 2nd period - Stopped by Mathieu Garon with a rebound.
10:27 of 2nd period - Snap shot by Simon Gagné.
10:27 of 2nd period - Shot Misses the Net.
10:29 of 2nd period - Slapshot by Jay McKee.
10:29 of 2nd period - Deflect By Simon Gagné.
10:29 of 2nd period - Stopped by Mathieu Garon without a rebound.
10:30 of 2nd period - Steven Stamkos wins face-off versus Jan Bulis in Blue Jackets zone.
12:30 of 2nd period - Slapshot by Jay McKee.
12:30 of 2nd period - Shot Misses the Net.
12:32 of 2nd period - Wrist shot by Bobby Ryan.
12:32 of 2nd period - Stopped by Mathieu Garon with a rebound.
12:34 of 2nd period - Slapshot by Jay McKee.
12:34 of 2nd period - Shot Blocked by Pavel Bure.
12:36 of 2nd period - Slapshot by Ryan Kesler.
12:36 of 2nd period - Stopped by Mathieu Garon without a rebound.
12:37 of 2nd period - Jan Bulis wins face-off versus Steven Stamkos in Blue Jackets zone.
12:37 of 2nd period - Jan Bulis is hit by Nathan Horton.
14:30 of 2nd period - Wrist shot by Denis Arkhipov.
14:30 of 2nd period - Stopped by Mathieu Garon with a rebound.
14:36 of 2nd period - Snap shot by Brian McGrattan.
14:36 of 2nd period - Stopped by Mathieu Garon with a rebound.
14:38 of 2nd period - Snap shot by Raffi Torres.
14:38 of 2nd period - Stopped by Mathieu Garon with a rebound.
14:48 of 2nd period - Slapshot by Denis Arkhipov.
14:48 of 2nd period - Stopped by Mathieu Garon without a rebound.
14:49 of 2nd period - Ryan Kesler wins face-off versus Marc Savard in Blue Jackets zone.
14:54 of 2nd period - Backhand shot by Ryan Kesler.
14:54 of 2nd period - Deflect By Bobby Ryan.
14:54 of 2nd period - Stopped by Mathieu Garon without a rebound.
14:55 of 2nd period - Marc Savard wins face-off versus Ryan Kesler in Blue Jackets zone.
15:06 of 2nd period - Wrist shot by Ryan Kesler.
15:06 of 2nd period - Stopped by Mathieu Garon with a rebound.
15:08 of 2nd period - Wrist shot by Simon Gagné.
15:08 of 2nd period - Shot Misses the Net.
15:10 of 2nd period - Wrist shot by Ryan Kesler.
15:10 of 2nd period - Deflect By Simon Gagné.
15:10 of 2nd period - Stopped by Mathieu Garon with a rebound.
16:02 of 2nd period - Kevin Bieksa is hit by Ryan Kesler and loses puck.
16:44 of 2nd period - Brooks Orpik is hit by Jan Bulis.
16:45 of 2nd period - Brooks Orpik from Penguins is injured at 16:45 of 2nd period (Sports Hernia).
16:46 of 2nd period - Ryan Kesler wins face-off versus Pavel Bure in Penguins zone.
17:05 of 2nd period - Marc Savard is hit by Bobby Ryan.
17:21 of 2nd period - Slapshot by Bobby Ryan.
17:21 of 2nd period - Stopped by Mathieu Garon with a rebound.
17:41 of 2nd period - Wrist shot by Adam Deadmarsh.
17:41 of 2nd period - Shot Misses the Net.
17:51 of 2nd period - Wrist shot by Simon Gagné.
17:51 of 2nd period - Stopped by Mathieu Garon with a rebound.
17:53 of 2nd period - Slapshot by Bobby Ryan.
17:53 of 2nd period - Deflect By Ryan Kesler.
17:53 of 2nd period - Stopped by Mathieu Garon without a rebound.
17:54 of 2nd period - Steven Stamkos wins face-off versus Pavel Bure in Blue Jackets zone.
18:26 of 2nd period - Snap shot by Jan Bulis.
18:26 of 2nd period - Shot Blocked by Darren Reid.
18:31 of 2nd period - Off-side.
18:32 of 2nd period - Steven Stamkos wins face-off versus Marcus Nilson in neutral zone.
18:36 of 2nd period - Minor Penalty to Blake Wheeler for Interference.
18:37 of 2nd period - Chris Kelly wins face-off versus Peter Forsberg in Blue Jackets zone.
18:45 of 2nd period - Slapshot by Paul Ranger.
18:45 of 2nd period - Stopped by Mathieu Garon without a rebound.
18:46 of 2nd period - Peter Forsberg wins face-off versus Chris Kelly in Blue Jackets zone.
19:32 of 2nd period - Jeff Taffe is hit by Bobby Ryan and loses puck.
Goals for this period are 0 for Blue Jackets vs 2 for Penguins.
Shots for this period are 3 for Blue Jackets vs 22 for Penguins.
3rd period
0:01 of 3rd period - Peter Forsberg wins face-off versus Chris Kelly in neutral zone.
0:26 of 3rd period - Ramzi Abid is hit by Brent Sopel.
0:32 of 3rd period - Wrist shot by Steven Stamkos.
0:32 of 3rd period - Shot Misses the Net.
0:34 of 3rd period - Snap shot by Nathan Horton.
0:34 of 3rd period - Goal by Nathan Horton - Blue Jackets : 0 - Penguins : 5.
0:35 of 3rd period - Steven Stamkos wins face-off versus Marc Savard in neutral zone.
0:38 of 3rd period - Branislav Mezei is hit by Dustin Penner and loses puck.
0:57 of 3rd period - Minor Penalty to Pavel Bure for Hooking.
0:58 of 3rd period - Chris Kelly wins face-off versus Peter Forsberg in Blue Jackets zone.
1:54 of 3rd period - Wade Redden is hit by Pernell Karl Subban and loses puck.
2:56 of 3rd period - Pernell Karl Subban is hit by Wade Redden and loses puck.
2:57 of 3rd period - Penalty to Pavel Bure is over, Pavel Bure is back on ice.
3:26 of 3rd period - Brian McGrattan is hit by François Beauchemin and loses puck.
3:45 of 3rd period - Nathan Horton is hit by Brad Stuart and loses puck.
4:45 of 3rd period - Snap shot by Jeff Taffe.
4:45 of 3rd period - Shot Misses the Net.
5:14 of 3rd period - Mike Commodore is hit by Dustin Penner.
6:14 of 3rd period - Off-side.
6:15 of 3rd period - Peter Forsberg wins face-off versus Jan Bulis in neutral zone.
6:40 of 3rd period - Snap shot by David Booth.
6:40 of 3rd period - Stopped by Brian Elliott with a rebound.
6:42 of 3rd period - Slapshot by François Beauchemin.
6:42 of 3rd period - Shot Misses the Net.
6:44 of 3rd period - Slapshot by Kevin Bieksa.
6:44 of 3rd period - Stopped by Brian Elliott without a rebound.
6:45 of 3rd period - Marc Savard wins face-off versus Peter Forsberg in Penguins zone.
7:10 of 3rd period - Simon Gagné is hit by Wade Redden.
7:29 of 3rd period - Icing by Simon Gagné.
7:30 of 3rd period - Steven Stamkos wins face-off versus Chris Kelly in Penguins zone.
7:53 of 3rd period - Icing by Sean Zimmerman.
7:54 of 3rd period - Marc Savard wins face-off versus Peter Forsberg in Penguins zone.
7:57 of 3rd period - Wrist shot by Marc Savard.
7:57 of 3rd period - Stopped by Brian Elliott without a rebound.
7:58 of 3rd period - Marc Savard wins face-off versus Peter Forsberg in Penguins zone.
8:01 of 3rd period - Snap shot by Pavel Bure.
8:01 of 3rd period - Shot Misses the Net.
8:23 of 3rd period - Wade Redden is hit by Brent Sopel.
8:29 of 3rd period - Snap shot by Bobby Ryan.
8:29 of 3rd period - Stopped by Mathieu Garon with a rebound.
9:12 of 3rd period - Snap shot by Dave Steckel.
9:12 of 3rd period - Stopped by Brian Elliott without a rebound.
9:13 of 3rd period - Simon Gagné wins face-off versus Marc Savard in Penguins zone.
9:13 of 3rd period - Simon Gagné is hit by David Booth.
9:41 of 3rd period - Pernell Karl Subban is hit by Jason Ward and loses puck.
10:13 of 3rd period - Minor Penalty to Jan Bulis for Tripping.
10:14 of 3rd period - Chris Kelly wins face-off versus Peter Forsberg in Blue Jackets zone.
10:30 of 3rd period - Snap shot by Bobby Ryan.
10:30 of 3rd period - Shot Blocked by Chris Kelly.
10:40 of 3rd period - Nathan Horton is hit by Wade Redden and loses puck.
10:47 of 3rd period - Snap shot by Jeff Taffe.
10:47 of 3rd period - Stopped by Brian Elliott with a rebound.
12:13 of 3rd period - Penalty to Jan Bulis is over, Jan Bulis is back on ice.
12:27 of 3rd period - Icing by Dustin Penner.
12:28 of 3rd period - Marc Savard wins face-off versus Dustin Penner in Penguins zone.
12:29 of 3rd period - Wrist shot by David Booth.
12:29 of 3rd period - Stopped by Brian Elliott with a rebound.
12:51 of 3rd period - Kevin Bieksa is hit by Pernell Karl Subban and loses puck.
13:02 of 3rd period - Wrist shot by Brian McGrattan.
13:02 of 3rd period - Stopped by Mathieu Garon without a rebound.
13:03 of 3rd period - Blake Wheeler wins face-off versus Ryan Kesler in Blue Jackets zone.
13:16 of 3rd period - Snap shot by Marcus Nilson.
13:16 of 3rd period - Shot Blocked by Pernell Karl Subban.
13:22 of 3rd period - Marcus Nilson is hit by Ryan Kesler and loses puck.
13:35 of 3rd period - Wrist shot by Steven Stamkos.
13:35 of 3rd period - Stopped by Mathieu Garon with a rebound.
13:37 of 3rd period - Backhand shot by Nathan Horton.
13:37 of 3rd period - Deflect By Wade Redden.
13:37 of 3rd period - Stopped by Mathieu Garon with a rebound.
13:48 of 3rd period - Minor Penalty to Steve Sullivan for Tripping.
13:49 of 3rd period - Marc Savard wins face-off versus Denis Arkhipov in Penguins zone.
14:05 of 3rd period - Off-side.
14:06 of 3rd period - Marc Savard wins face-off versus Denis Arkhipov in neutral zone.
14:17 of 3rd period - Slapshot by Marc Savard.
14:17 of 3rd period - Deflect By Pavel Bure.
14:17 of 3rd period - Shot Misses the Net.
14:17 of 3rd period - Puck is out of play.
14:18 of 3rd period - Marc Savard wins face-off versus Darren Reid in Penguins zone.
14:21 of 3rd period - Slapshot by David Booth.
14:21 of 3rd period - Deflect By Jay McKee.
14:21 of 3rd period - Goal by David Booth - Blue Jackets : 1 - Penguins : 5.
14:22 of 3rd period - Peter Forsberg wins face-off versus Pavel Bure in neutral zone.
14:25 of 3rd period - Wade Redden is hit by Steve Sullivan and loses puck.
14:34 of 3rd period - Slapshot by Branislav Mezei.
14:34 of 3rd period - Shot Misses the Net.
14:36 of 3rd period - Slapshot by Wade Redden.
14:36 of 3rd period - Stopped by Brian Elliott with a rebound.
14:44 of 3rd period - Minor Penalty to Peter Forsberg for Hooking.
14:45 of 3rd period - Denis Arkhipov wins face-off versus Marc Savard in Penguins zone.
14:56 of 3rd period - Denis Arkhipov is hit by Wade Redden and loses puck.
15:17 of 3rd period - Darren Reid is hit by Branislav Mezei and loses puck.
16:44 of 3rd period - Penalty to Peter Forsberg is over, Peter Forsberg is back on ice.
16:55 of 3rd period - Wade Redden is hit by Nathan Horton.
17:44 of 3rd period - Mike Commodore is hit by Denis Arkhipov and loses puck.
18:10 of 3rd period - Ramzi Abid is hit by Dustin Penner and loses puck.
18:36 of 3rd period - Brent Sopel is hit by Jason Ward and loses puck.
18:41 of 3rd period - Wrist shot by Chris Kelly.
18:41 of 3rd period - Shot Misses the Net.
18:43 of 3rd period - Slapshot by Wade Redden.
18:43 of 3rd period - Shot Blocked by Denis Arkhipov.
18:45 of 3rd period - Snap shot by Chris Kelly.
18:45 of 3rd period - Goal by Chris Kelly - Blue Jackets : 2 - Penguins : 5.
18:46 of 3rd period - Ryan Kesler wins face-off versus Marc Savard in neutral zone.
19:08 of 3rd period - Icing by Wade Redden.
19:09 of 3rd period - Marc Savard wins face-off versus Steven Stamkos in Blue Jackets zone.
19:09 of 3rd period - Marc Savard is hit by Nathan Horton.
19:17 of 3rd period - Slapshot by Dustin Penner.
19:17 of 3rd period - Stopped by Mathieu Garon without a rebound.
19:18 of 3rd period - Jan Bulis wins face-off versus Peter Forsberg in Blue Jackets zone.
19:25 of 3rd period - Snap shot by Jan Bulis.
19:25 of 3rd period - Deflect By Blake Wheeler.
19:25 of 3rd period - Shot Misses the Net.
19:25 of 3rd period - Puck is out of play.
19:26 of 3rd period - Marc Savard wins face-off versus Peter Forsberg in Penguins zone.
19:33 of 3rd period - Wrist shot by Pavel Bure.
19:33 of 3rd period - Stopped by Brian Elliott with a rebound.
19:35 of 3rd period - Snap shot by David Booth.
19:35 of 3rd period - Stopped by Brian Elliott without a rebound.
19:36 of 3rd period - Marc Savard wins face-off versus Ryan Kesler in Penguins zone.
19:44 of 3rd period - Minor Penalty to Simon Gagné for Interference.
19:45 of 3rd period - Denis Arkhipov wins face-off versus Marc Savard in Penguins zone.
19:50 of 3rd period - Icing by Pavel Bure.
19:51 of 3rd period - Marc Savard wins face-off versus Denis Arkhipov in Blue Jackets zone.
19:56 of 3rd period - Snap shot by Marc Savard.
19:56 of 3rd period - Shot Misses the Net.
19:58 of 3rd period - Slapshot by Wade Redden.
19:58 of 3rd period - Stopped by Brian Elliott with a rebound.
Goals for this period are 2 for Blue Jackets vs 1 for Penguins.
Shots for this period are 12 for Blue Jackets vs 6 for Penguins.
Output by the SimonT Hockey Simulator (STHS) for François Prévost -- Original Page W3C XHTML 1.0 Valid